 Dungeon Sprint DCSS version 0.21.1-1-g345015f (webtiles) character file.

161 doot the Covert (level 5, -8/37 HPs)
             Began as a Spriggan Enchanter on Apr 21, 2018.
             Mangled by a red devil
             ... wielding a +0 trident
             ... summoned by a kobold demonologist
              (13 damage)
             ... in the Dungeon (Sprint III: "The Ten Rune Challenge").
             The game lasted 00:05:26 (304 turns).

doot the Covert (Spriggan Enchanter)                 Turns: 304, Time: 00:05:27

Health: -8/37      AC:  2    Str:  9    XL:     5   Next: 19%
Magic:  1/14       EV: 22    Int: 16    God:
Gold:   20         SH:  0    Dex: 18    Spells: 7/16 levels left

rFire    . . .     SeeInvis +   a - +1 dagger
rCold    . . .     Gourm    .   (shield restricted)
rNeg     . . .     Faith    .   b - +0 robe
rPois    .         Spirit   .   (helmet restricted)
rElec    .         Reflect  .   (no cloak)
rCorr    .         Harm     .   (gloves unavailable)
MR       .....     NoTele   +   (boots unavailable)
Stlth    ..........             (no amulet)
HPRegen  0.12/turn              (no ring)
MPRegen  0.14/turn              (no ring)

@: berserking, very quick
A: very small, unfitting armour, see invisible, herbivore, speed 3, slow
metabolism 2
a: no special abilities


You were in the Dungeon.
You were not hungry.

You visited 1 branch You collected 20 gold pieces.

Inventory:

Hand Weapons
 a - a +1 dagger (weapon)
Armour
 b - a +0 robe (worn)
Scrolls
 j - a scroll of blinking
 k - a scroll of amnesia {unknown}
 l - a scroll of immolation {unknown}
 n - a scroll of torment {unknown}
 o - 4 scrolls of identify
 q - a scroll of holy word {unknown}
 r - 2 scrolls of remove curse
Potions
 e - a potion of curing
 f - a potion of heal wounds
 g - a potion of haste
 h - 2 potions of magic
 m - 5 potions of mutation
 p - 2 potions of flight {unknown}
Books
 c - a book of Maledictions

   Spells                             Type                      Level
   a - Corona                         Hexes                        1
   b - Ensorcelled Hibernation        Hexes/Ice                    2
   c - Confuse                        Hexes                        3
   d - Tukima's Dance                 Hexes                        3
   e - Dazzling Spray                 Conjuration/Hexes            3
Comestibles
 d - 3 rations


   Skills:
 + Level 0.5 Fighting
 + Level 2.4 Short Blades
 + Level 5.9 Dodging
 + Level 9.9 Stealth
 + Level 6.0 Spellcasting
 + Level 8.3 Hexes


You had 7 spell levels left.
You knew the following spells:

 Your Spells              Type           Power        Failure   Level  Hunger
a - Corona                Hex            ####...      1%          1    None
b - Ensorcelled Hibernat  Hex/Ice        ###...       3%          2    #......
c - Confuse               Hex            ####....     1%          3    ##.....
d - Tukima's Dance        Hex            ####....     1%          3    ##.....


Dungeon Overview and Level Annotations

Branches:
Dungeon (1/1)

Altars:
Kikubaaqudgha
Sif Muna
Vehumet


Innate Abilities, Weirdness & Mutations

You are very small and have problems with some larger weapons.
You are too small for most types of armour.
You have supernaturally acute eyesight. (SInv)
You are a herbivore.
You cover ground extremely quickly.
You need consume almost no food.


Message History

You don't have enough magic to cast that spell.
Unknown command.
Unknown command.
A red film seems to cover your vision as you go berserk!
You feel yourself moving faster!
You feel mighty! The wizard misses you.
You closely miss the wizard. The red devil closely misses you.
The wizard hits you with a dagger of holy wrath.
You barely miss the wizard. You puncture the wizard!
The wizard is severely wounded.
The red devil hits you from afar with a trident!
The wizard casts a spell at you. The bolt of cold hits you!
* * * LOW HITPOINT WARNING * * *
You miss the wizard.
The wizard is severely wounded.
You closely miss the wizard.
The wizard is severely wounded.
The red devil hits you from afar with a trident!
You die...

..'...♣♣♣♣ ♣.#
..#....♣.♣ ♣♣.#
###.....♣ ♣..#
..#....≈♣♣♣♣♣.###+#+###
..#...≈≈♣♣....#........
..#..≈≈≈≈.....'.⌠......
#'#..≈≈≈≈≈≈♣..#...####
.)#.≈≈≈≈≈≈..†.#.⌠.#
†.#.≈≈≈≈≈.....#.@.#
..#.≈≈≈.......#p###
###...........#4:K#
..............#___#
▓▓▓▓▓▓▓▓▓▓▓▓▓▓▓▓▓▓▓


You could see a wizard and a red devil.

Vanquished Creatures
  A water elemental (D)
  A scorpion (D)
  Jessica (D)
  A human (D)
  An ooze (D)
  2 rats (D)
7 creatures vanquished.

Vanquished Creatures (others)
  2 draconian scorchers (D)
  6 hellions (D)
8 creatures vanquished.

Grand Total: 15 creatures vanquished

Notes
Turn   | Place    | Note
-------+----------+-------------------------------------------
     0 | D        | doot the Spriggan Enchanter began the quest for the Orb.
     0 | D        | Reached XP level 1. HP: 9/9 MP: 5/5
     5 | D        | Reached skill level 5 in Stealth
    17 | D        | Noticed Jessica
    42 | D        | Killed Jessica
    42 | D        | Reached skill level 6 in Stealth
    42 | D        | Reached XP level 2. HP: 13/13 MP: 4/7
    42 | D        | Reached XP level 3. HP: 16/16 MP: 5/9
   110 | D        | Learned a level 3 spell: Tukima's Dance
   112 | D        | Killed a hellion
   112 | D        | Killed a hellion
   113 | D        | Learned a level 2 spell: Ensorcelled Hibernation
   117 | D        | Learned a level 3 spell: Confuse
   127 | D        | Killed a hellion
   127 | D        | Killed a hellion
   127 | D        | Killed a hellion
   132 | D        | Killed a hellion
   146 | D        | Noticed a scorpion
   149 | D        | Reached skill level 7 in Stealth
   164 | D        | Killed a white draconian scorcher
   181 | D        | Killed a scorpion
   181 | D        | Reached skill level 5 in Dodging
   181 | D        | Reached skill level 8 in Stealth
   181 | D        | Reached skill level 5 in Spellcasting
   181 | D        | Reached XP level 4. HP: 15/21 MP: 4/12
   262 | D        | Killed a white draconian scorcher
   287 | D        | Noticed a water elemental
   289 | D        | Killed a water elemental
   289 | D        | Reached skill level 9 in Stealth
   289 | D        | Reached XP level 5. HP: 25/25 MP: 12/14
   292 | D        | Found a radiant altar of Vehumet.
   293 | D        | Found a deep blue altar of Sif Muna.
   293 | D        | Found an ancient bone altar of Kikubaaqudgha.
   298 | D        | Noticed a red devil
   304 | D        | Mangled by a red devil

Skill      XL: |  1  2  3  4 |
---------------+-------------+-----
Stealth        | 6 8 9 |  9.9
Spellcasting   | 3 5 6 |  6.0
Hexes          | 6 7 8 |  8.3
Dodging        | 4 5 |  5.9
Short Blades   | 2 |  2.4
Fighting       | |  0.5

Action                   |  1- 3 |  4- 6 || total
-------------------------+-------+-------++-------
Melee: Dagger            |    36 |     6 ||    42
 Cast: Corona            |     3 |       ||     3
       Confuse           |     2 |     4 ||     6
       Ensorcelled Hiber |     1 |       ||     1
  Use: Potion            |       |     1 ||     1
 Stab: Sleeping          |     3 |     1 ||     4
       Confused          |     2 |       ||     2
Armor: Robe              |     2 |       ||     2
Dodge: Dodged            |    19 |     4 ||    23
